Map: King's Cove LE

Players

JackaL

  • Race: Terran Terran
  • League: Diamond
  • Spawn Location: 5:00

Ragnarokette - Winner!

  • Race: Zerg Zerg
  • League: Diamond
  • Spawn Location: 11:00

VOD

Have the link to the VOD?

Description

LOOK I DIDNT PANIC EVEN THO I WANTED TO AND I DID THE THING OKAYISH!

Time

  • Played on: April 5, 2019, 3:51 p.m.
  • Length: 20:58
Show
View Real Time Build Order
Export as new Build Order

JackaL Terran 

Build Orders: Gas First Reaper Expand 

Get SALT Encoding   

  12  0:02  SCV  
  13  0:14  SCV  
  14  0:18  Supply Depot  
  14  0:26  SCV  
  15  0:30  Refinery  
  15  0:40  SCV  
  16  0:46  Barracks  
  16  0:52  SCV  
  18  1:04  SCV  
  18  1:16  SCV  
  19  1:33  Orbital Command  
  19  1:34  Reaper  
  20  1:50  Command Center  
  20  1:58  SCV  
  21  2:05  Factory  
  21  2:10  Barracks Reactor  
  21  2:11  SCV  
  22  2:17  Supply Depot  
  22  2:23  SCV  
  23  2:38  SCV  
  24  2:51  SCV  
  25  2:53  Starport  
  25  2:54  Refinery  
  25  2:59  Hellion x2  
  25  3:00  Barracks Tech Lab  
  25  3:03  SCV  
  29  3:14  Orbital Command  
  29  3:15  SCV  
  30  3:23  Hellion, Marauder  
  30  3:26  Hellion  
  37  3:35  Viking  
  37  3:40  SCV  
  37  3:41  SCV  
  40  3:48  Supply Depot  
  40  3:51  Marauder  
  42  3:57  Hellion  
  42  4:00  SCV x2  
  46  4:12  SCV x2  
  46  4:14  Marauder  
  50  4:19  Medivac  
  50  4:21  Hellion  
  54  4:25  Armory  
  54  4:37  Hellion  
  49  4:39  Concussive Shells, Marauder  
  49  4:40  SCV x2  
  49  4:42  Supply Depot  
  51  4:49  Hellion  
  53  5:05  Hellion, Marauder  
  53  5:06  Medivac  
  59  5:14  Supply Depot  
  59  5:17  SCV x2  
  61  5:25  Command Center  
  61  5:27  Stimpack  
  61  5:29  Barracks x2, SCV  
  61  5:31  SCV  
  63  5:42  Widow Mine x2  
  67  5:43  Starport Reactor  
  67  5:44  Marine  
  68  5:55  Supply Depot, SCV x2  
  70  6:00  Refinery x2  
  70  6:05  Engineering Bay  
  70  6:07  SCV  
  70  6:08  Engineering Bay, SCV  
  72  6:16  Widow Mine x2  
  66  6:43  Starport Reactor  
  62  7:04  Marine  
  62  7:08  SCV x2  
  63  7:10  Orbital Command  
  63  7:13  Barracks x2  
  57  7:21  Factory Tech Lab  
  57  7:24  Marine x2  
  57  7:25  Medivac x2, Marauder  
  57  7:29  Terran Infantry Weapons Level 1, Terran Infantry Armor Level 1  
  65  7:30  SCV x2  
  67  7:38  Marine x2  
  67  7:39  Combat Shield  
  67  7:41  Marine  
  67  7:42  SCV x2  
  72  7:47  Supply Depot, SCV  
  72  7:48  Marine  
  72  7:49  Thor, Marauder  
  82  7:54  SCV x2  
  82  7:56  Marine x2  
  86  7:59  Marine, SCV  
  86  8:03  Barracks Tech Lab  
  86  8:04  Barracks Reactor, Medivac  
  86  8:05  Medivac, Marine  
  90  8:06  SCV x2  
  90  8:09  Marine  
  90  8:11  SCV  
  93  8:18  SCV x2  
  93  8:21  Marine  
  93  8:22  Marine x2, Marauder  
  93  8:23  Orbital Command  
  99  8:30  Marine, SCV x2  
  99  8:31  Marauder  
  103  8:37  Missile Turret  
  103  8:42  SCV  
  103  8:43  SCV  
  103  8:46  Supply Depot  
  105  8:50  Missile Turret  
  105  8:53  Marine x3, SCV  
  109  9:07  Marine x4  
  109  9:08  Marauder  
  115  9:12  Supply Depot  
  115  9:14  Supply Depot x2  
  115  9:18  Missile Turret  
  115  9:19  Supply Depot  
  115  9:21  Supply Depot  
  115  9:24  SCV x2  
  115  9:25  Terran Infantry Weapons Level 2, Refinery  
  115  9:26  Terran Infantry Armor Level 2  
  115  9:27  Marine x3, Marauder  
  115  9:28  Marine x3  
  115  9:29  Refinery, Marauder  
  125  9:33  Thor  
  125  9:36  Medivac x2  
  135  9:40  Bunker  
  135  9:44  SCV x3  
  138  9:46  Marine  
  138  9:47  Marine x4  
  138  9:48  Marine  
  138  9:49  Marauder  
  146  9:57  Command Center  
  146  10:03  Marine  
  146  10:05  SCV x2  
  149  10:15  Barracks  
  149  10:18  Barracks  
  149  10:22  Barracks  
  149  10:25  Marine  
  149  10:26  Marine x3, Marauder  
  149  10:27  Marauder  
  149  10:28  Terran Vehicle And Ship Armor Level 1  
  157  10:32  Command Center  
  157  10:52  Marine x4  
  157  10:53  Marauder x2  
  165  11:03  Barracks Tech Lab  
  165  11:08  Medivac x2, Marine x2  
  171  11:14  Marauder  
  129  11:24  Marine x5  
  129  11:25  Marine x2, Marauder  
  119  11:26  Thor, Marine x2  
  117  11:35  Marauder  
  119  11:42  Marine x6  
  119  11:43  Marine x2, Marauder  
  119  11:47  Marauder  
  131  11:48  Planetary Fortress  
  131  11:57  Bunker, Marauder, Missile Turret  
  131  12:00  Marine x3  
  131  12:01  Sensor Tower, Barracks Reactor  
  136  12:05  Marauder  
  136  12:08  Marauder  
  137  12:18  Marauder  
  118  12:23  Marine  
  118  12:24  Marine x5  
  118  12:26  Marauder  
  118  12:27  SCV x4  
  118  12:29  Marauder  
  115  12:39  Marauder  
  115  12:40  Marine  
  115  12:41  Marine x2  
  105  12:47  Marauder  
  105  12:51  Marauder, SCV  
  97  12:52  SCV x4  
  95  13:22  Marine x2  
  95  13:23  Marine x3, Marauder x3  
  95  13:24  Marine x3  
  109  13:28  Barracks Tech Lab  
  109  13:29  Medivac  
  109  13:30  Medivac  
  113  13:36  SCV  
  113  13:37  SCV  
  115  13:43  Marine x2  
  115  13:44  Marine x3, Marauder  
  115  13:45  Marine, Marauder x2  
  115  13:46  Liberator x2  
  127  13:58  Marine  
  127  13:59  Marine, Marauder  
  127  14:00  Thor  
  127  14:01  Marine x2  
  139  14:05  Marine  
  139  14:06  Marine, Marauder  
  139  14:07  Marine  
  150  14:16  SCV x2  
  153  14:19  SCV  
  153  14:20  Planetary Fortress  
  153  14:25  Marine x3  
  156  15:11  Marine x2  
  156  15:12  Marine x4  
  156  15:13  Medivac, Marine x3  
  156  15:14  Marine x2, Marauder  
  156  15:15  Medivac  
  115  15:22  Siege Tank  
  105  15:29  Marine x4  
  105  15:30  Marine x2  
  105  15:31  Marine x4, Marauder  
  117  15:36  Marauder  
  109  15:47  Marine x4  
  109  15:48  Marauder  
  109  15:49  Marine x4, Marauder, Missile Turret  
  118  15:50  Medivac x2, Refinery  
  118  15:52  Marauder  
  121  15:57  Marauder, Missile Turret  
  121  15:59  Command Center  
  123  16:04  Marine  
  124  16:14  Marine x2  
  124  16:15  Marine x3, Marauder x2  
  124  16:16  Marine x2, Marauder  
  124  16:17  Thor  
  143  16:18  Command Center  
  143  16:19  Marauder  
  143  16:21  Command Center  
  141  16:37  Marine x2  
  141  16:38  Marine x2  
  141  16:39  Marine x3, Marauder x3  
  141  16:40  Marine, Marauder  
  130  16:54  Medivac x2  
  130  16:55  Marine x2  
  130  16:56  Marine  
  130  17:00  Marauder  
  139  17:05  Marine x2  
  141  17:11  Marine, Marauder  
  144  17:33  Marine x2  
  144  17:34  Marine x2, Marauder x3  
  144  17:35  Marauder  
  137  17:54  Marine x5  
  137  17:55  Marine, Marauder  
  137  17:56  Marauder  
  112  18:04  Planetary Fortress  
  95  18:08  Marine  
  95  18:09  Marauder  
  98  18:31  Marine  
  98  18:32  Marine  
  100  18:45  Missile Turret  
  100  18:48  Marine, Missile Turret  
  100  18:49  Marauder  
  103  19:00  Planetary Fortress  
  103  19:09  Marine x3  
  105  19:10  Marine x3, Marauder  
  105  19:11  Marine, Marauder x2  
  116  19:17  Marine  
  116  19:18  Marauder  
  119  19:27  Marine  
  65  19:41  Marine x11  
  65  19:45  Medivac x2, Marine  
  75  19:56  SCV  
  75  19:57  SCV x2  
  75  19:58  Marine  
  75  19:59  Marine x2  
  83  20:00  Marine x2, Marauder  
  83  20:01  Marine, Marauder x3  
  83  20:02  Orbital Command  
  83  20:05  Marine x2  
  94  20:08  SCV  
  94  20:09  SCV x2  
  97  20:15  Medivac  
  97  20:16  Medivac  
  97  20:20  SCV  
  97  20:21  SCV x2  
  104  20:30  Marine x3  
  104  20:31  Marine, Marauder x2  
Show
View Real Time Build Order
Export as new Build Order

Ragnarokette Zerg - Winner!

Build Orders: Hatch First 

Get SALT Encoding   

  12  0:01  Drone  
  13  0:12  Overlord  
  13  0:18  Drone  
  14  0:31  Drone x2  
  16  0:52  Hatchery  
  16  0:54  Drone  
  16  0:58  Drone  
  16  1:02  Drone  
  18  1:12  Extractor  
  17  1:19  Spawning Pool  
  17  1:22  Drone  
  17  1:25  Drone  
  17  1:29  Drone  
  19  1:40  Drone  
  20  1:51  Overlord  
  20  2:05  Queen  
  20  2:06  Queen  
  20  2:07  Zergling x4  
  26  2:14  Drone  
  27  2:16  Metabolic Boost  
  27  2:21  Drone  
  28  2:27  Drone x2  
  30  2:37  Drone, Overlord  
  31  2:49  Drone x2  
  33  3:00  Drone  
  33  3:01  Drone  
  35  3:12  Hatchery  
  33  3:19  Overlord  
  33  3:20  Drone x6  
  33  3:24  Evolution Chamber  
  38  3:30  Queen  
  40  3:44  Drone x3  
  40  3:45  Drone  
  44  3:52  Zergling x6  
  44  3:53  Zergling x6  
  50  4:00  Overlord, Zerg Ground Armor Level 1  
  50  4:11  Queen  
  52  4:19  Overlord  
  52  4:21  Overlord  
  52  4:28  Drone x5, Baneling Nest, Extractor  
  52  4:46  Queen  
  52  4:49  Drone  
  52  4:50  Drone x6  
  61  4:57  Lair  
  61  5:08  Evolution Chamber  
  54  5:16  Zergling x16  
  62  5:26  Drone x3  
  62  5:27  Overlord x3  
  65  5:34  Zerg Melee Weapons Level 1  
  65  5:42  Baneling x5  
  65  5:44  Overlord  
  65  5:49  Drone x7  
  73  5:50  Drone  
  73  5:51  Drone  
  73  5:55  Extractor  
  73  5:57  Extractor  
  73  5:58  Extractor  
  71  6:06  Centrifical Hooks  
  71  6:07  Zergling x6  
  71  6:08  Zergling x8  
  78  6:18  Drone x7  
  78  6:24  Overlord  
  78  6:25  Overlord  
  74  6:34  Zergling x8  
  74  6:35  Zergling x6  
  74  6:47  Zergling x2  
  74  6:48  Zergling x10  
  77  6:57  Zergling x10  
  79  7:11  Zergling x8  
  82  7:20  Queen  
  82  7:22  Zerg Ground Armor Level 2  
  84  7:25  Zergling x10  
  84  7:29  Hydralisk Den  
  88  7:30  Queen  
  88  7:36  Baneling x2  
  88  7:37  Baneling x3  
  90  7:49  Drone x3  
  90  7:50  Drone x3  
  96  8:03  Hatchery  
  80  8:31  Hydralisk  
  80  8:32  Hydralisk x11  
  104  8:35  Grooved Spines  
  104  8:36  Queen  
  104  8:37  Queen  
  104  8:41  Drone  
  109  8:43  Zerg Melee Weapons Level 2  
  109  8:49  Infestation Pit  
  108  9:03  Zergling x2  
  108  9:04  Overlord, Zergling x8  
  108  9:05  Overlord x2  
  113  9:19  Queen  
  114  9:33  Overlord  
  114  9:35  Drone x12  
  126  9:38  Hatchery  
  126  9:41  Drone  
  126  9:46  Muscular Augments  
  126  9:47  Hive, Extractor  
  126  9:49  Spire  
  124  9:53  Hydralisk  
  124  9:54  Zergling x8  
  124  9:55  Zergling x12  
  136  10:00  Drone x4  
  140  10:23  Overlord  
  140  10:24  Overlord x2  
  140  10:26  Baneling x5  
  140  10:27  Zergling x2, Baneling, Hydralisk x4  
  140  10:28  Hydralisk  
  151  10:36  Overlord x3  
  151  10:44  Baneling  
  151  10:45  Baneling x5  
  151  10:48  Pneumatized Carapace  
  151  10:49  Overseer  
  151  10:52  Overseer  
  151  11:02  Greater Spire  
  151  11:04  Zerg Melee Weapons Level 3, Zerg Ground Armor Level 3  
  122  11:19  Zergling x2  
  122  11:20  Zergling x18  
  122  11:21  Zergling x34  
  139  11:39  Hydralisk x6  
  141  11:40  Hydralisk x6  
  163  11:49  Baneling  
  163  11:50  Baneling x5  
  163  11:51  Zergling x2  
  163  11:52  Zergling x6  
  141  12:25  Zergling x26  
  141  12:26  Zergling x4  
  141  12:38  Zergling x2  
  141  12:39  Zergling x24  
  138  12:49  Corruptor x3  
  137  13:02  Zergling x2, Hydralisk  
  137  13:03  Hydralisk x5  
  126  13:27  Corruptor x2  
  126  13:28  Corruptor x4  
  126  13:30  Zergling x16  
  126  13:31  Queen, Zergling x4  
  150  13:34  Zergling x2  
  150  13:35  Zergling x10, Hydralisk x7  
  150  13:36  Zergling x2  
  150  13:37  Zergling x6  
  174  13:57  Baneling  
  174  13:58  Baneling x6  
  174  13:59  Zergling x6  
  174  14:00  Zergling x26  
  190  14:05  Overlord x2  
  190  14:10  Zerg Missile Weapons Level 1  
  190  14:16  Extractor x2  
  188  14:27  Baneling x2  
  188  14:28  Baneling x15  
  188  14:29  Baneling, Zergling x2  
  188  14:30  Hatchery, Zergling x4  
  190  14:47  Drone x5  
  190  14:48  Drone x4  
  196  15:04  Brood Lord  
  189  15:14  Hydralisk  
  189  15:15  Hydralisk x8  
  189  15:16  Hydralisk  
  166  15:48  Spire  
  163  15:57  Drone x7  
  163  15:58  Drone x7  
  163  16:01  Queen  
  179  16:04  Zerg Missile Weapons Level 2  
  179  16:15  Extractor  
  179  16:16  Extractor, Queen  
  161  16:42  Zergling x10  
  161  16:43  Zergling x38  
  180  16:52  Queen  
  182  16:55  Drone x6  
  188  17:02  Spore Crawler  
  188  17:03  Greater Spire  
  188  17:04  Spore Crawler  
  186  17:13  Hydralisk  
  186  17:14  Hydralisk x5  
  198  17:25  Baneling x3  
  198  17:26  Baneling x22  
  198  17:27  Baneling  
  198  17:28  Zergling x2  
  182  17:55  Zergling x2, Hydralisk x5  
  182  17:56  Zergling x2, Hydralisk x3  
  182  17:57  Zergling x22  
  160  18:19  Zergling x2, Hydralisk x5  
  159  18:20  Zergling x2  
  159  18:21  Zergling x20  
  178  18:30  Extractor  
  178  18:31  Extractor  
  178  18:32  Extractor  
  175  18:40  Brood Lord  
  177  18:42  Zergling x2  
  177  18:43  Zergling x32  
  194  18:54  Baneling  
  194  18:55  Baneling x8  
  194  18:56  Baneling, Zergling x4  
  194  18:57  Zergling x8  
  168  19:46  Zergling x10  
  168  19:47  Zergling x2  
  168  19:51  Brood Lord x5  
  184  19:53  Zergling x28  
  184  19:54  Zergling x2  
  199  20:25  Baneling x2  
  199  20:26  Baneling x20  
  200  20:51  Hatchery  
Tags
 
Add a new tag
Caveats
  • Supply blocks, unpowered buildings, or Contaminate may cause inaccurate times.
  • Supply counts are checked every 10 seconds.